 Dungeon Crawl Stone Soup version 0.23.2-1-ga50397a6bc (webtiles) character file.

Game seed: 8816776265774832873

1533 Mrkan the Grappler (level 8, -3/83 HPs)
             Began as a Troll Monk on May 19, 2019.
             Slain by a gnoll
             ... wielding a +0 halberd
              (14 damage)
             ... on level 7 of the Dungeon.
             The game lasted 00:06:07 (4798 turns).

Mrkan the Grappler (Troll Monk)                     Turns: 4798, Time: 00:06:08

Health: -3/83      AC:  6    Str: 22    XL:     8   Next: 55%
Magic:  7/7        EV: 10    Int:  6    God:
Gold:   292        SH:  0    Dex: 12    Spells: 7/7 levels left

rFire    . . .     SeeInvis .     - Unarmed
rCold    . . .     Gourm    +   (no shield)
rNeg     . . .     Faith    .   a - +0 robe
rPois    .         Spirit   .   (helmet restricted)
rElec    .         Reflect  .   (no cloak)
rCorr    .         Harm     .   (gloves unavailable)
MR       .....                  (boots unavailable)
Stlth    ++........             (no amulet)
HPRegen  0.63/turn              (no ring)
MPRegen  0.10/turn              (no ring)

@: no status effects
A: large, unfitting armour, claws 3, fast metabolism 3, gourmand, regeneration
1, shaggy fur 1, tough skin 3
a: no special abilities


You were on level 7 of the Dungeon.
You were not hungry.

You visited 1 branch of the dungeon, and saw 7 of its levels.

You collected 292 gold pieces.

Inventory:

Armour
 a - a +0 robe (worn)
Jewellery
 u - a +2 ring of evasion {unknown}
 A - a +1 ring of protection {unknown}
Wands
 l - a wand of flame (14)
 y - a wand of acid (7)
 z - a wand of random effects (24)
Scrolls
 c - 8 scrolls of identify {unknown}
 d - 4 scrolls of teleportation {unknown}
 f - a scroll of random uselessness {unknown}
 i - 2 scrolls of remove curse {unknown}
 m - a scroll of amnesia {unknown}
 n - 2 scrolls of noise {unknown}
 p - a scroll of magic mapping {unknown}
 r - a scroll of immolation {unknown}
 s - a scroll of fog {unknown}
 v - a scroll of enchant armour {unknown}
Potions
 e - a potion of agility {unknown}
 g - a potion of might {unknown}
 h - 4 potions of curing {unknown}
 j - 4 potions of heal wounds
 k - a potion of invisibility {unknown}
 o - 2 potions of cancellation {unknown}
 q - a potion of mutation {unknown}
 t - a potion of magic {unknown}
 w - a potion of haste
 x - a potion of brilliance {unknown}
Comestibles
 b - 8 rations


   Skills:
 + Level 5.7 Fighting
 - Level 2.4 Dodging
 - Level 1.0 Stealth
 * Level 9.3 Unarmed Combat


You had 7 spell levels left.
You didn't know any spells.
Your spell library contained the following spells:

 Spells                   Type           Power        Failure   Level  Hunger
 Magic Dart               Conj           #...         45%         1    ##.....
 Blink                    Tloc           N/A          58%         2    ###....
 Call Imp                 Summ           #.......     58%         2    ###....
 Searing Ray              Conj           #.....       58%         2    ###....
 Slow                     Hex            #.......     58%         2    ###....
 Conjure Flame            Conj/Fire      #.......     83%         3    ####...
 Dazzling Spray           Conj/Hex       #.....       83%         3    ####...
 Mephitic Cloud           Conj/Pois/Air  #.......     83%         3    ####...
 Force Lance              Conj/Tloc      #.......     99%         4    #####..
 Fulminant Prism          Conj/Hex       #.........   99%         4    #####..
 Iskenderun's Mystic Bla  Conj           #.......     99%         4    #####..


Dungeon Overview and Level Annotations

Branches:
Dungeon (7/15)             Temple (0/1) D:4

Altars:


Innate Abilities, Weirdness & Mutations

You are too large for most types of armour.
You have claws for hands.
Your metabolism is lightning-fast.
You like to eat raw meat.
Your natural rate of healing is unusually fast.
You are covered in fur. (AC +1)
You have extremely tough skin. (AC +3)


Message History

You closely miss the gnoll.
The gnoll is heavily wounded.
The bullfrog skeleton hits you but does no damage.
The ice beast hits you but does no damage.
The gnoll completely misses you.
You scratch the gnoll.
The gnoll is almost dead.
The bullfrog skeleton hits you but does no damage.
The gnoll hits you with a +0 flail.
* * * LOW HITPOINT WARNING * * *
The ice beast hits you but does no damage.
You claw the gnoll!
You kill the gnoll!
The bullfrog skeleton closely misses you.
The gnoll closely misses you.
The bullfrog skeleton closely misses you.
The ice beast misses you.
The bullfrog skeleton closely misses you.
The gnoll hits you from afar with a +0 halberd!
You die...

## ....
#.. #.#
###.####
#......#
#......#
#...(..#
+..KgY@#
#/).KZ(#
########


You could see an ice beast, a gnoll, 2 kobolds and a bullfrog skeleton.

Vanquished Creatures
  Grinder (D:6)
  An ice beast (D:4)
  2 phantoms (D:4)
  A centaur (D:5)
  A black bear (D:6)
  An ogre (D:5)
  A big kobold (D:7)
  A howler monkey (D:4)
  2 crimson imps
  A quasit (D:6)
  A hound (D:4)
  An orc priest (D:4)
  An iguana (D:2)
  Natasha (thrice) (D:3)
  Terence (D:2)
  An orc wizard (D:4)
  6 worker ants
  3 gnolls (D:7)
  3 worker ant zombies
  9 adders
  An ooze (D:4)
  An adder skeleton (D:4)
  3 worms (D:2)
  4 dart slugs
  2 leopard geckos (D:2)
  9 orcs
  16 giant cockroaches
  2 goblins
  4 hobgoblins
  8 jackals
  2 quokkas
  8 bats
  5 frilled lizards
  6 kobolds
  A leopard gecko skeleton (D:4)
  4 rats
117 creatures vanquished.

Notes
Turn   | Place    | Note
-------+----------+-------------------------------------------
     0 | D:1      | Mrkan the Troll Monk began the quest for the Orb.
     0 | D:1      | Reached XP level 1. HP: 22/22 MP: 0/0
   262 | D:1      | Reached XP level 2. HP: 29/29 MP: 1/1
   831 | D:2      | Noticed Terence
   845 | D:2      | Killed Terence
   845 | D:2      | Reached skill level 4 in Unarmed Combat
   845 | D:2      | Reached XP level 3. HP: 3/36 MP: 2/2
  1004 | D:2      | Reached XP level 4. HP: 45/45 MP: 3/3
  1193 | D:2      | Reached skill level 5 in Unarmed Combat
  1475 | D:2      | Reached XP level 5. HP: 53/53 MP: 4/4
  1747 | D:3      | Noticed Natasha
  1759 | D:3      | Killed Natasha
  2111 | D:3      | Noticed Natasha
  2117 | D:3      | Killed Natasha
  2417 | D:3      | Noticed Natasha
  2424 | D:4      | Noticed a phantom
  2431 | D:3      | Killed Natasha
  2461 | D:4      | Reached XP level 6. HP: 60/62 MP: 5/5
  2473 | D:4      | Reached skill level 6 in Unarmed Combat
  2849 | D:4      | Reached XP level 7. HP: 58/70 MP: 6/6
  3011 | D:4      | Reached skill level 7 in Unarmed Combat
  3153 | D:4      | Found a staircase to the Ecumenical Temple.
  3492 | D:5      | Entered Level 5 of the Dungeon
  3772 | D:5      | Reached skill level 5 in Fighting
  3772 | D:5      | Reached skill level 8 in Unarmed Combat
  3775 | D:5      | Reached XP level 8. HP: 43/80 MP: 7/7
  4341 | D:6      | Noticed Grinder
  4354 | D:6      | Killed Grinder
  4449 | D:6      | Reached skill level 9 in Unarmed Combat
  4798 | D:7      | Slain by a gnoll

Skill      XL: |  1  2  3  4  5  6  7  8 |
---------------+-------------------------+-----
Unarmed Combat | 4 5 6 8 9 |  9.3
Fighting       | 3 4 5 |  5.7
Dodging        | |  2.4
Stealth        | |  1.0

Action                   |  1- 3 |  4- 6 |  7- 9 || total
-------------------------+-------+-------+-------++-------
Melee: Unarmed           |    64 |   141 |   136 ||   341
       Punch             |       |     2 |     3 ||     5
 Stab: Sleeping          |     3 |     3 |     1 ||     7
  Eat: Chunk             |     2 |    14 |     9 ||    25
       Ration            |     1 |     1 |     3 ||     5
Armor: Robe              |    31 |    42 |    48 ||   121
Dodge: Dodged            |    28 |    57 |    97 ||   182
